Map: Submarine LE

Players

A.I. 1 (Very Easy) - Winner!

  • Race: Zerg Zerg
  • Spawn Location: 5:00

Duke

  • Race: Protoss Protoss
  • League: Diamond
  • Spawn Location: 11:00

VOD

Have the link to the VOD?

Description

Time

  • Played on: Jan. 24, 2021, 6:22 p.m.
  • Length: 6:40
Show
View Real Time Build Order
Export as new Build Order

A.I. 1 (Very Easy) Zerg - Winner!

Build Orders: Pool Only 

Get SALT Encoding   

  12  0:01  Drone  
  13  0:12  Overlord  
  13  0:16  Drone  
  14  0:36  Spawning Pool  
  14  0:37  Extractor  
  13  0:46  Drone  
  14  0:51  Overlord  
  14  1:22  Queen  
  14  1:24  Zergling x2  
  17  1:30  Roach Warren  
  17  1:32  Extractor  
  15  1:36  Drone  
  16  1:42  Zergling x2  
  16  1:43  Drone  
  18  1:57  Drone  
  18  2:00  Zergling x2  
  20  2:08  Drone  
  21  2:18  Drone  
  22  2:29  Overlord, Drone  
  23  2:36  Drone  
  24  2:43  Drone  
  25  3:45  Zergling x2  
  26  3:53  Queen  
  26  4:14  Roach  
  24  4:32  Zergling x2  
  24  4:38  Queen  
  25  4:39  Drone  
  22  4:46  Drone  
  22  4:50  Zergling x2  
  19  4:53  Drone  
  19  4:54  Roach Warren  
  17  5:00  Drone  
  15  5:07  Roach Warren  
  15  5:08  Zergling x2, Drone  
  12  5:15  Roach Warren, Drone  
  12  5:22  Drone  
  12  5:26  Zergling x2  
  14  5:29  Drone  
  15  5:36  Drone  
  16  5:44  Drone  
  17  5:51  Drone  
  18  5:58  Roach  
  18  5:59  Drone  
  18  6:10  Drone  
  19  6:17  Drone  
  20  6:24  Drone  
Show
View Real Time Build Order
Export as new Build Order

Duke Protoss 

Build Orders: Proxy Void Ray 

Get SALT Encoding   

  12  0:00  Probe  
  13  0:12  Probe  
  14  0:17  Pylon  
  14  0:24  Probe  
  15  0:35  Gateway  
  15  0:37  Probe  
  16  0:45  Assimilator  
  16  0:49  Probe  
  17  0:59  Forge  
  17  1:05  Probe  
  17  1:10  Pylon  
  18  1:22  Cybernetics Core  
  18  1:34  Photon Cannon  
  18  1:38  Probe  
  19  1:45  Assimilator  
  19  1:50  Probe  
  20  2:02  Probe  
  20  2:06  Stargate  
  21  2:11  Adept (Chrono Boost)  
  21  2:15  Probe  
  24  2:20  Shield Battery  
  24  2:27  Probe  
  25  2:33  Shield Battery  
  25  2:41  Void Ray (Chrono Boost)  
  29  2:53  Pylon  
  29  2:59  Shield Battery  
  29  3:08  Void Ray (Chrono Boost)  
  29  3:18  Shield Battery  
  33  3:25  Adept  
  35  3:37  Void Ray (Chrono Boost)  
  39  3:44  Pylon  
  39  4:04  Void Ray (Chrono Boost)  
  39  4:05  Zealot  
  41  4:13  Gateway  
  45  4:19  Pylon  
  45  4:32  Adept  
  45  4:34  Void Ray  
  51  4:46  Pylon  
  51  5:00  Zealot  
  51  5:02  Adept  
  51  5:04  Pylon  
  55  5:09  Void Ray (Chrono Boost)  
  59  5:27  Zealot  
  61  5:32  Adept  
  63  5:40  Void Ray (Chrono Boost)  
  67  5:54  Zealot  
  67  5:55  Pylon  
  69  6:02  Adept  
  77  6:27  Pylon  
Tags
 
League
Diamond
Matchup
PvZ
Opening
Pool Only
Spawn Locations
Cross Positions
Add a new tag
Caveats
  • Supply blocks, unpowered buildings, or Contaminate may cause inaccurate times.
  • Supply counts are checked every 10 seconds.